Cogmind - Beta 14 @@@ ROGUE MODE // 2024.08.17 @ 03:06:44 Player: Zaros426 Result: Destroyed by H-88 Terminator with Heavy Machine Gun Performance ------------- Evolutions (9) 4500 Regions Visited (18) 3600 Robots Destroyed (368) 1840 Value Destroyed (16502) 16502 Prototype IDs (21) 420 Alien Tech Used (0) 0 Bonus (7372) 7372 TOTAL SCORE: 34234 Bonus ------- High Alert Combat Kills 2257 Follower Combat Kills 128 Entered DSFs 500 Met Warlord at Base 500 MAIN.C Attacked Warlord 500 Warlord Defense Kills 1756 Met Warlord at Research 2000 Friendly Fire -269 Cogmind --------- Core Integrity 0/1600 Matter 278/300 Energy 10/100 System Corruption 11% Temperature Cool (4) Movement Core (50) Location -1/Access Parts ------- > --- POWER (3) -------- (None) > --- PROPULSION (8) --- (None) > --- UTILITY (9) ------ (None) > --- WEAPON (5) ------- (None) > --- INVENTORY (5) ---- Gamma Rifle Enhanced Nova Cannon Improved Datajack Improved Plasma Cutter Peak State ------------ > --- POWER ------------ Particle Reactor Quantum Reactor Quantum Reactor > --- PROPULSION ------- Improved Heavy Siege Treads Improved Heavy Siege Treads Improved Heavy Siege Treads Improved Heavy Siege Treads > --- UTILITY ---------- Advanced Heat Sink Advanced Cooling System High-capacity Storage Unit Targeting Computer Advanced Weapon Cycler Advanced Transmission Jammer Powered Armor Advanced Drone Bay > --- WEAPON ----------- Vortex Cannon Enhanced Nova Cannon Enhanced Nova Cannon Enhanced Nova Cannon Heavy Gauss Cannon > --- INVENTORY -------- Particle Reactor Improved Heavy Siege Treads Improved Heavy Siege Treads Wheel Structural Scanner Centrium Light Armor Plating Gamma Rifle Gamma Rifle Enhanced Nova Cannon Enhanced Nova Cannon Enhanced Nova Cannon Smartbomb Launcher Improved Datajack Improved Plasma Cutter [Rating: 187] Favorites ----------- Power Cold Fusion Reactor Engine Improved Ion Engine Power Core Neutrino Core Reactor Cold Fusion Reactor Propulsion Myomer Leg Treads Light Treads Leg Myomer Leg Wheel Wheel Hover Unit Gravmag System Utility Targeting Computer Device Structural Scanner Storage High-capacity Storage Unit Processor Targeting Computer Hackware Hacking Suite Protection Medium Reactive Plating Weapon Heavy Gauss Cannon Energy Gun Cooled Pulse Rifle Energy Cannon Enhanced Nova Cannon Ballistic Gun Improved Heavy Machine Gun Ballistic Cannon Heavy Gauss Cannon Launcher Smartbomb Launcher Special Weapon Improved Plasma Cutter Impact Weapon Hammer Slashing Weapon Power Sword Special Melee Weapon Improved Datajack Build | -11 -10 -10 -10 -8 -7 -6 -6 -6 -5 -4 -4 -4 -4 -3 -3 -3 -2 -1 ------- Run | Yrd Mat Min Sub Mat Fac Fac Low Low Fac Fac Upp Upp War Pro Res DSF Res Acc Slots Evolved 18 | . . . . 4 2 2 . . 2 2 . . . . 2 . 2 2 Power 2 | . . . . . . . . . 1 . . . . . . . 1 . Propulsion 6 | . . . . 1 1 . . . . . . . . . 2 . . 2 Utility 7 | . . . . 2 . 1 . . 1 2 . . . . . . 1 . Weapon 3 | . . . . 1 1 1 . . . . . . . . . . . . Parts Attached 432 | 7 13 3 12 72 22 62 13 3 31 49 5 13 18 10 3 34 29 33 Power 27 | 1 1 . 1 3 3 3 . . 3 2 . . . 1 . 5 3 1 Engine 8 | 1 1 . 1 2 1 2 . . . . . . . . . . . . Core 4 | . . . . 1 2 . . . 1 . . . . . . . . . Reactor 15 | . . . . . . 1 . . 2 2 . . . 1 . 5 3 1 Propulsion 92 | 2 . 2 2 17 5 16 6 . 5 11 . 1 2 2 . 6 9 6 Treads 40 | 2 . 1 2 9 . 6 5 . 4 2 . . . 2 . 1 3 3 Leg 24 | . . . . 4 . 1 . . . 5 . 1 2 . . 5 6 . Wheel 22 | . . 1 . 4 3 7 1 . 1 4 . . . . . . . 1 Hover 6 | . . . . . 2 2 . . . . . . . . . . . 2 Flight . | . . . . . . . . . . . . . . . . . . . Utility 140 | 2 4 . 3 28 5 16 6 . 11 14 1 7 6 2 2 6 15 12 Device 75 | 1 . . . 5 3 8 4 . 4 12 1 4 4 2 1 4 12 10 Storage 8 | 1 1 . . 5 . 1 . . . . . . . . . . . . Processor 7 | . . . . 1 . 2 . . 2 . . 2 . . . . . . Hackware 3 | . . . . . . 3 . . . . . . . . . . . . Protection 47 | . 3 . 3 17 2 2 2 . 5 2 . 1 2 . 1 2 3 2 Artifact . | . . . . . . . . . . . . . . . . . . . Weapon 173 | 2 8 1 6 24 9 27 1 3 12 22 4 5 10 5 1 17 2 14 Energy Gun 43 | 2 3 . 1 5 3 11 . . 2 7 2 3 3 1 . . . . Energy Cannon 42 | . 2 . 2 7 2 7 . . . . . . 1 4 . 13 . 4 Ballistic Gun 18 | . . . . 2 . 2 1 2 6 4 . . . . 1 . . . Ballistic Cannon 18 | . . . . 1 . 2 . 1 . 3 . . 3 . . 2 2 4 Launcher 21 | . 1 1 3 4 2 . . . . 1 2 . 2 . . 2 . 3 Special Weapon 5 | . . . . . 1 . . . . 1 . . . . . . . 3 Impact Weapon 6 | . 2 . . 4 . . . . . . . . . . . . . . Slashing Weapon 11 | . . . . 1 1 3 . . 2 3 . 1 . . . . . . Piercing Weapon . | . . . . . . . . . . . . . . . . . . . Special Melee Weapon 9 | . . . . . . 2 . . 2 3 . 1 1 . . . . . Unidentified Prototypes 8 | . . . . . . 3 . . 1 . . . 4 . . . . . Corrupted Parts 1 | . . . . . . 1 . . . . . . . . . . . . System Corruption 2 | . . . . . . 2 . . . . . . . . . . . . Parts Lost 130 | . 1 1 3 25 4 22 2 1 7 18 . . 3 5 . 8 1 29 Power 14 | . 1 . 1 2 . 2 . . . 2 . . . 1 . 2 . 3 Propulsion 40 | . . 1 . 8 2 9 1 . 2 5 . . . 1 . 3 . 8 Utility 39 | . . . 2 8 1 5 . . 4 4 . . 2 1 . 2 1 9 Weapon 37 | . . . . 7 1 6 1 1 1 7 . . 1 2 . 1 . 9 Highest Loss Streak 18 | . 1 1 2 8 3 7 2 1 3 4 . . 3 3 . 8 1 18 To Critical Strikes 2 | . . . . . . . . . . . . . . 2 . . . . Average Slot Usage (%) 90 | . 99 99 90 92 92 87 90 89 88 92 91 89 92 83 71 67 87 77 Engine 3 | . 13 14 13 6 2 1 6 6 1 . . . . . . . . . Reactor 5 | . . . . . . 2 . . 5 7 10 10 10 9 9 6 12 10 Treads 10 | . 28 20 14 18 3 5 21 26 13 9 . . . 4 4 3 8 15 Leg 6 | . . . . 3 . . . . . 4 21 21 21 9 4 7 9 . Wheel 3 | . . 7 14 3 15 9 2 . 3 5 . . . . . . . . Device 11 | . 3 . . 6 8 16 6 6 5 17 16 13 14 20 19 16 21 19 Storage 6 | . 14 14 6 8 7 6 6 6 5 5 5 5 5 5 4 4 4 3 Processor 6 | . . . . 1 . 4 6 6 10 10 10 11 12 10 9 9 6 3 Protection 7 | . 9 14 13 17 12 . 5 6 5 5 5 4 5 5 4 2 2 6 Energy Gun 5 | . 11 . . 4 5 20 13 4 1 8 2 2 7 9 9 1 . . Energy Cannon 6 | . 7 27 10 9 11 7 . . . . . . . . . 10 13 11 Ballistic Gun 2 | . . . . 1 . . 12 15 16 8 . . . . . . . . Ballistic Cannon 4 | . . . . 1 . 1 6 8 5 2 10 10 7 7 4 1 7 6 Launcher 1 | . . . 17 1 3 . . . . . 3 4 2 . . 1 . . Slashing Weapon 1 | . . . . 2 5 . . . 2 3 5 3 2 . . . . . Peak Build Rating 187 | 7 11 11 16 28 37 69 68 66 84 98 101 111 120 113 103 130 173 187 Average Rating 74 | 5 8 10 11 21 30 49 66 63 76 82 100 104 111 101 96 98 165 170 On Entrance 68 | . 7 10 11 16 18 37 68 66 66 84 98 101 111 111 96 99 130 170 Naked Turns 3 | . . . . . . . . . . . . . . . . . . 3 Heaviest Build 199 | 15 60 56 60 77 61 89 90 95 121 133 140 140 146 128 116 151 199 187 Greatest Support 300 | 40 40 40 20 64 32 110 110 102 102 103 95 95 100 100 60 110 225 300 Greatest Overweight (x) 14 | 2 1 3 3 5 6 7 3 . 4 11 1 1 1 2 1 14 2 . Average Overweight (x) 1 | . . 1 1 1 1 2 1 . 2 3 1 1 1 1 1 1 . . Largest Inventory Capacity 20 | 8 20 20 20 20 15 20 20 20 20 20 20 20 20 20 20 20 20 20 Average Capacity 18 | 7 14 20 12 15 15 18 20 20 20 20 20 20 20 20 20 20 20 19 Most Carried 20 | 2 15 20 20 15 15 20 20 19 20 20 20 20 20 20 20 20 20 20 Average Carried 16 | 1 8 18 11 13 14 14 19 18 18 17 19 19 19 17 17 18 19 17 Final Capacity 20 | 8 20 20 5 15 15 20 20 20 20 20 20 20 20 20 20 20 20 5 Final Carried 20 | 2 14 20 5 11 15 19 19 18 20 20 20 20 19 17 20 19 19 4 Class Distribution -------------------- 50% | Scavenger-Gunner 21% | Mutant 11% | Gunner 5% | Scavenger-Mutant 4% | Tank 3% | Infiltrator-Tank Dominant Class ---------------- Mutant | -10/Materials Mutant | -10/Mines Mutant | -10/Subcaves Scavenger-Mutant | -8/Materials Tank | -7/Factory Gunner | -6/Factory Gunner | -6/Lower Caves Gunner | -6/Lower Caves Scavenger-Gunner | -5/Factory Scavenger-Gunner | -4/Factory Scavenger-Gunner | -4/Upper Caves Scavenger-Gunner | -4/Upper Caves Scavenger-Gunner | -4/Warlord Scavenger-Gunner | -3/Proximity Caves Scavenger-Gunner | -3/Research Scavenger-Gunner | -3/DSF Scavenger-Gunner | -2/Research Infiltrator-Tank | -1/Access Resources | -11 -10 -10 -10 -8 -7 -6 -6 -6 -5 -4 -4 -4 -4 -3 -3 -3 -2 -1 ----------- Run | Yrd Mat Min Sub Mat Fac Fac Low Low Fac Fac Upp Upp War Pro Res DSF Res Acc Matter Collected 9701 | 219 166 30 83 1181 307 762 388 182 1522 1524 297 369 209 320 . 441 835 866 Remotely . | . . . . . . . . . . . . . . . . . . . Salvage Created 15475 | 19 661 195 269 1703 410 2107 477 174 1761 2503 157 80 406 425 . 731 771 2626 Parts 647 | 2 28 12 15 105 13 86 17 15 81 81 4 . 17 17 . 18 20 116 Haulers Intercepted 10 | . 1 . . 2 . 2 . . 3 1 . . . . . 1 . . Recyclers Shooed 12 | . 3 1 . 1 . 3 . . . 2 . . . . . . . 2 Parts Field Recycled . | . . . . . . . . . . . . . . . . . . . Retrieved Matter . | . . . . . . . . . . . . . . . . . . . Parts Self-Destructed 63 | . . . 14 . . . 15 15 . . 2 . . 17 . . . . Prevented 2 | . . . . . . . 2 . . . . . . . . . . . Kills | -11 -10 -10 -10 -8 -7 -6 -6 -6 -5 -4 -4 -4 -4 -3 -3 -3 -2 -1 ------- Run | Yrd Mat Min Sub Mat Fac Fac Low Low Fac Fac Upp Upp War Pro Res DSF Res Acc Combat Hostiles Destroyed 263 | . 14 2 9 41 6 26 8 7 20 35 9 . 12 8 . 13 16 37 Melee 14 | . 7 . . 5 . . . . 2 . . . . . . . . . Guns 64 | . 4 . . 3 . 10 4 7 13 20 . . 1 2 . . . . Cannons 121 | . 1 2 3 18 5 9 3 . 5 9 2 . 3 5 . 10 15 31 AOE 48 | . . . 6 12 . 3 . . . 4 7 . 8 . . 3 . 5 Classes Destroyed 26 | 1 6 1 3 5 2 . 1 . . . . . 2 1 . 1 2 1 Worker 23 | . . 3 . 5 . 5 . . 7 . . . . . . . . 3 Builder 22 | . 1 . . 1 1 3 . . 4 6 . . . . . . . 6 Tunneler 7 | 1 1 4 . 1 . . . . . . . . . . . . . . Hauler 10 | . 1 . . 2 . 2 . . 3 1 . . . . . 1 . . Recycler 15 | . 1 . . . . 4 . . 2 5 . . . . . . . 3 Carrier 1 | . . . . . . . . . . . . . . . . . . 1 Minesweeper 1 | . . . . . . . 1 . . . . . . . . . . . Mechanic 4 | . . . . 1 . . . . 1 . . . 2 . . . . . Operator 5 | . . . . 2 1 1 . . . . . . . . . . 1 . Watcher 16 | . 2 . . 5 . 1 . . 3 1 . . . . . . 1 3 Swarmer 49 | . 3 1 . 14 . 4 2 7 . 3 5 . . . . . 5 5 Grunt 103 | . 11 1 1 16 . 13 2 . 11 9 4 . 6 5 . 6 3 15 Brawler 6 | . . . . 3 . 1 1 . . . . . 1 . . . . . Duelist 6 | . . . . 1 . . . . . . . . 1 . . 1 1 2 Protector 1 | . . . . 1 . . . . . . . . . . . . . . Sentry 19 | . . . 1 6 4 1 1 . 2 4 . . . . . . . . Demolisher 2 | . . . . . . . . . . . . . . . . . 2 . Specialist 4 | . . . . . . . . . . . . . 1 . . 3 . . Hunter 28 | . . . . . 1 3 2 . 3 10 . . . 2 . 2 1 4 Programmer 29 | . . . . . 1 4 . . 4 9 . . 2 . . . . 9 Heavy 1 | . . . . . . . . . . . . . . . . 1 . . Behemoth 2 | . . . . . . . . . . . . . . 1 . . . 1 Striker 2 | . . . . . . . . . . . . . 1 . . . 1 . Executioner 3 | . . . . . . . . . . . . . . . . . 3 . Subdweller 7 | . . . 7 . . . . . . . . . . . . . . . Zionite 1 | . . . 1 . . . . . . . . . . . . . . . Decomposer 3 | . . . . . . . 1 . . . 1 1 . . . . . . Butcher 1 | . . . . . . . . . . . . . . . . . . 1 Best Kill Streak 11 | 1 2 2 3 6 2 5 3 6 6 4 5 . 10 5 . 8 6 11 Combat Bots Only 9 | . 2 1 3 5 1 3 3 6 4 4 5 . 9 5 . 8 6 9 Max Kills in Single Turn 6 | 1 1 2 2 3 1 4 2 2 2 2 2 1 4 1 . 2 2 6 Gunslinging . | . . . . . . . . . . . . . . . . . . . Exploded 4 | . . . 1 3 . 3 . . . 2 2 . 4 . . 2 . 4 Melee 1 | . 1 . . 1 . . . . 1 . . . . . . . . . Uniques/NPCs Destroyed . | . . . . . . . . . . . . . . . . . . . Combat | -11 -10 -10 -10 -8 -7 -6 -6 -6 -5 -4 -4 -4 -4 -3 -3 -3 -2 -1 -------- Run | Yrd Mat Min Sub Mat Fac Fac Low Low Fac Fac Upp Upp War Pro Res DSF Res Acc Hostile Shots Fired 2821 | . 84 19 27 416 139 198 102 25 196 416 31 . 51 92 2 408 71 544 Missed 845 | . 18 6 5 95 57 58 40 3 40 127 10 . 22 25 . 174 17 148 Damage Taken 32575 | . 725 206 441 5110 633 3030 887 332 2557 3604 301 . 820 1203 44 2767 1394 8521 Core 4277 | . 84 51 89 543 45 702 . 48 85 408 78 . 74 70 . 310 72 1618 Absorbed by Shields 1577 | . . . . . . . . . 300 1073 84 . 120 . . . . . Reduced by Siege Mode 1014 | . . . . . . . . . . . . . . 76 . . . 938 Ignored by Resistances 991 | . . . . . 9 . . . . 489 16 . 182 135 7 153 . . Regen/Repaired (Parts) 85 | . . . . . . . . . . . . . 85 . . . . . Core Remaining (%) 58 | 100 . . 10 1 93 . . 11 91 . . . . 45 . 76 95 . Volleys Fired 765 | 4 30 23 28 144 24 86 17 9 74 110 11 1 16 17 . 30 41 100 Largest 5 | 2 2 2 2 3 4 5 5 5 5 5 2 1 4 4 . 5 5 5 Hottest 565 | 100 120 120 120 179 237 256 144 187 187 236 122 61 310 310 . 565 482 482 Shots Fired 2078 | 8 59 42 43 244 53 266 85 42 301 382 16 7 42 57 . 68 121 242 Gun 1024 | 8 48 . 1 73 6 157 68 32 250 331 . . 24 26 . . . . Cannon 997 | . 11 39 26 161 43 109 17 10 51 48 10 7 14 31 . 59 121 240 Launcher 57 | . . 3 16 10 4 . . . . 3 6 . 4 . . 9 . 2 Special . | . . . . . . . . . . . . . . . . . . . Kinetic 877 | . . . . 67 . 22 52 29 260 228 10 7 14 26 . . 74 88 Thermal 1085 | 8 59 39 27 149 49 244 33 13 41 135 . . 24 26 . 43 47 148 Explosive 49 | . . 3 16 10 . . . . . 3 6 . . . . 9 . 2 Electromagnetic 38 | . . . . 18 4 . . . . 16 . . . . . . . . Entropic 29 | . . . . . . . . . . . . . 4 5 . 16 . 4 Robot Hit Streak 35 | 1 9 7 14 14 22 35 8 5 13 25 9 13 6 23 . 17 11 18 Robot Miss Streak 7 | 3 3 3 2 6 3 4 4 7 7 7 3 . 2 1 . 4 7 4 Penetration Max 1 | . . . . . . . 1 . 1 . . . . . . . 1 1 Secondary Targets 5 | . . . . . . . . . 1 4 . . . . . . . . Max Gunslinging Chain 1 | . . . . . . . . . 1 1 . . . . . . . . Shots Hit Robots 1418 | 3 75 22 29 166 39 202 49 14 212 277 10 5 23 41 . 44 60 147 Core Hits 731 | 2 19 10 16 104 14 88 27 8 109 139 17 3 23 16 . 29 27 80 Critical Kills 12 | . 3 . . . . . . 2 . 3 . . . . . 1 1 2 Critical Parts Destroyed 9 | . 5 . . 1 . . 1 . 2 . . . . . . . . . Critical Strikes 82 | . 12 . . 3 2 4 3 2 6 14 1 2 5 4 . 4 5 15 Burn 22 | . 4 . . 2 2 4 2 . 4 4 . . . . . . . . Meltdown 4 | . . . . . . . . . . . . . . . . 1 1 2 Destroy 8 | . . . . . . . 1 2 2 3 . . . . . . . . Blast 33 | . . . . . . . . . . 7 1 2 5 2 . . 4 12 Smash 9 | . 8 . . 1 . . . . . . . . . . . . . . Sunder 6 | . . . . . . . . . . . . . . 2 . 3 . 1 Melee Attacks 192 | . 53 . . 31 7 22 . . 41 34 1 1 2 . . . . . Impact 80 | . 53 . . 26 1 . . . . . . . . . . . . . Slashing 83 | . . . . 5 6 10 . . 36 25 1 . . . . . . . Piercing . | . . . . . . . . . . . . . . . . . . . Sneak Attacks 48 | . 4 . . 1 . 11 . . 13 15 1 1 2 . . . . . Combat Hostiles . | . . . . . . . . . . . . . . . . . . . Follow-up Attacks 9 | . 9 . . . . . . . . . . . . . . . . . Damage Inflicted 51684 | 38 1591 471 1172 4766 981 5253 922 230 5186 7534 1703 129 5953 1442 . 3568 2553 8192 Guns 13998 | 38 409 . . 617 74 2524 780 210 3351 5145 . . 311 539 . . . . Cannons 20449 | . 105 421 358 2438 773 1718 142 20 718 1100 274 129 346 903 . 2119 2553 6332 Explosions 13496 | . . 50 814 1082 93 816 . . . 700 1351 . 5296 . . 1449 . 1845 Melee 3726 | . 1077 . . 629 41 195 . . 1117 589 78 . . . . . . . Ramming 15 | . . . . . . . . . . . . . . . . . . 15 Kinetic 14426 | . . . . 894 . 315 471 115 3463 3357 274 129 346 635 . . 1757 2670 Thermal 18500 | 38 514 421 358 2027 847 3927 451 115 606 2772 . . 311 539 . 1242 796 3536 Explosive 7743 | . . 50 814 857 . 677 . . . 700 1351 . . . . 1449 . 1845 Electromagnetic 707 | . . . . 359 93 139 . . . 116 . . . . . . . . Impact 1642 | . 1077 . . 565 . . . . . . . . . . . . . . Slashing 2084 | . . . . 64 41 195 . . 1117 589 78 . . . . . . . Piercing . | . . . . . . . . . . . . . . . . . . . Entropic 6567 | . . . . . . . . . . . . . 5296 268 . 877 . 126 Highest Corruption 15 | . . . . 15 5 9 4 . 13 8 8 8 3 . . . . 9 Average Corruption 7 | . . . . 12 3 6 3 . 12 2 8 7 3 . . . . 2 Corruption Purged 14 | . . . . . . 5 4 . . . . 5 . . . . . . Corruption Blocked . | . . . . . . . . . . . . . . . . . . . Effects 335 | . . . . 71 4 47 16 . 58 25 36 67 1 . . . . 10 Message Errors 72 | . . . . 15 2 7 3 . 13 6 12 14 . . . . . . Matter Fused 76 | . . . . 11 1 10 6 . 10 7 8 20 . . . . . 3 Heat Flow Errors 35 | . . . . 5 . 5 . . 6 3 9 6 . . . . . 1 Energy Discharges 42 | . . . . 12 . 8 1 . 6 5 2 6 1 . . . . 1 Parts Rejected 6 | . . . . 2 . . . . 3 . . . . . . . . 1 Data Loss (minor) 34 | . . . . 7 1 5 2 . 5 1 2 10 . . . . . 1 Data Loss (major) 19 | . . . . 4 . 4 . . 3 1 3 4 . . . . . . Misfires 21 | . . . . 5 . 5 2 . 3 . . 6 . . . . . . Alerts 5 | . . . . 2 . . . . 2 . . 1 . . . . . . Misdirections 3 | . . . . 2 . . . . 1 . . . . . . . . . Weapon Failures 22 | . . . . 6 . 3 2 . 6 2 . . . . . . . 3 Overload Shots 2 | . . . . . . 2 . . . . . . . . . . . . Overflow Damage 2204 | . 255 . 2 146 35 208 . . 182 209 158 . 506 12 . 76 26 389 Projectiles 464 | . 9 . 2 17 4 52 . . . 19 20 . 1 12 . 43 26 259 Explosions 946 | . . . . 65 . 61 . . . 14 138 . 505 . . 33 . 130 Melee 794 | . 246 . . 64 31 95 . . 182 176 . . . . . . . . Knockbacks 104 | . 5 . . 13 . 8 2 . 17 9 2 . 3 9 . . 12 24 Impact 5 | . 5 . . . . . . . . . . . . . . . . . Kinetic 94 | . . . . 13 . 7 2 . 16 9 2 . 3 9 . . 12 21 Secondary 5 | . . . . . . 1 . . 1 . . . . . . . . 3 Self-Inflicted Damage 429 | . . 40 32 67 . 152 . . . . . . 131 . . . . 7 Shots 8 | . . 1 1 3 . 2 . . . . . . 1 . . . . . Rammed 1 | . . . . . . . . . . . . . . . . . . 1 Targets Rammed 1 | . . . . . . . . . . . . . . . . . . 1 Kicked . | . . . . . . . . . . . . . . . . . . . Crushed . | . . . . . . . . . . . . . . . . . . . Highest Temperature 565 | 156 345 315 60 415 184 518 305 310 396 412 252 270 . . . 454 540 565 Average Temperature 117 | 79 118 85 27 140 40 73 124 120 101 107 99 104 . . . 146 170 150 Received Heat Transfer 5533 | . 363 60 93 2088 114 603 99 . 221 275 112 . 117 267 9 275 36 801 Effects 49 | . 1 3 . 11 . 3 . 1 3 2 . 2 . . . . 3 20 Shutdowns 8 | . . . . 3 . . . . . . . . . . . . 2 3 Energy Bleed 9 | . . 1 . 2 . 1 . 1 . . . . . . . . . 4 Interference 25 | . 1 2 . 5 . . . . 2 1 . 2 . . . . . 12 Matter Decay 1 | . . . . . . . . . . 1 . . . . . . . . Short Circuit 2 | . . . . 1 . . . . . . . . . . . . . 1 Damage (minor) 2 | . . . . . . . . . 1 . . . . . . . 1 . Damage (major) 2 | . . . . . . 2 . . . . . . . . . . . . Siege Activations 8 | . . . . . . . . . . . . . . 2 . . . 6 Total Turns 141 | . . . . . . . . . . . . . . 33 . . . 108 Longest Duration 39 | . . . . . . . . . . . . . . 27 . . . 39 Robots Corrupted 5 | . 3 . . 2 . . . . . . . . . . . . . . Combat Hostiles 3 | . 2 . . 1 . . . . . . . . . . . . . . Parts Fried 8 | . 4 . . 4 . . . . . . . . . . . . . . Impact Corruptions 15 | . 10 . . 4 . . . . . . . . . . . . . 1 Robots Melted 15 | . 1 . . 1 1 4 1 . . 2 . . . 1 . 1 1 2 Combat Hostiles 12 | . . . . 1 1 4 1 . . 2 . . . 1 . . 1 1 Parts Melted 75 | . 6 3 1 5 10 16 1 . 2 20 . . 1 . . 3 1 6 Heat Transferred 30380 | 111 1739 888 740 3550 1480 7045 1036 222 1443 6188 . . 407 703 . 1184 703 2941 Parts Sabotaged 3 | . . . . . . . . . . . . . . . . . . 3 Parts Stolen . | . . . . . . . . . . . . . . . . . . . Parts Stripped . | . . . . . . . . . . . . . . . . . . . Power Chain Reactions 1 | . . . . 1 . . . . . . . . . . . . . . Alert | -11 -10 -10 -10 -8 -7 -6 -6 -6 -5 -4 -4 -4 -4 -3 -3 -3 -2 -1 ------- Run | Yrd Mat Min Sub Mat Fac Fac Low Low Fac Fac Upp Upp War Pro Res DSF Res Acc Peak Influence 1252 | 5 231 137 . 837 587 744 . . 374 757 . . . . 15 385 602 1252 Initial 341 | . 3 18 . . 341 212 . . 212 165 . . . . . 11 216 326 Average 302 | 2 101 30 . 392 440 509 . . 220 421 . . . . . 243 259 612 Maximum Alert Level 4 | . 1 . . 3 2 3 . . 1 3 . . . . . 1 2 4 Low Security (%) 36 | 100 92 100 . 25 . . . . 36 3 . . . . 100 37 12 . Level 1 32 | . 7 . . 36 33 14 . . 63 42 . . . . . 62 82 13 Level 2 25 | . . . . 15 66 80 . . . 47 . . . . . . 5 59 Level 3 5 | . . . . 22 . 4 . . . 6 . . . . . . . 13 Level 4 1 | . . . . . . . . . . . . . . . . . . 14 Level 5 . | . . . . . . . . . . . . . . . . . . . High Security . | . . . . . . . . . . . . . . . . . . . Max Security . | . . . . . . . . . . . . . . . . . . . Sterilizations 1 | . . . . . . . . . . . . . . . . 1 . . Squads Dispatched 55 | . 3 . . 6 3 11 . . 8 11 . . . . . 3 . 10 Investigation 7 | . 2 . . . 2 1 . . 2 . . . . . . . . . Extermination 15 | . . . . . 1 4 . . 3 4 . . . . . . . 3 Reinforcement 24 | . 1 . . 3 . 5 . . 3 4 . . . . . 3 . 5 Assault 6 | . . . . 3 . 1 . . . . . . . . . . . 2 Garrison 3 | . . . . . . . . . . 3 . . . . . . . . Intercept . | . . . . . . . . . . . . . . . . . . . Searches Triggered . | . . . . . . . . . . . . . . . . . . . Construction Impeded 2 | . . . . 1 . . . . 1 . . . . . . . . . Haulers Reinforced 5 | . . . . . . 2 . . 2 1 . . . . . . . . Active Scanning Responses . | . . . . . . . . . . . . . . . . . . . Cargo Convoy Interrupts . | . . . . . . . . . . . . . . . . . . . Stealth | -11 -10 -10 -10 -8 -7 -6 -6 -6 -5 -4 -4 -4 -4 -3 -3 -3 -2 -1 --------- Run | Yrd Mat Min Sub Mat Fac Fac Low Low Fac Fac Upp Upp War Pro Res DSF Res Acc Distress Signals 20 | . 2 . . 1 . . . . 4 1 . . . . . . 7 5 Communications Jammed 156 | . . . . . . . . . . 15 . . . . . . . 141 Distress Signals 153 | . . . . . . . . . . 14 . . . . . . . 139 Times Spotted 426 | . 25 9 8 75 8 45 9 7 33 43 7 . 30 13 1 15 25 73 Peak Tracking Total 16 | . 4 2 2 8 2 7 3 4 5 4 4 . 13 5 1 8 5 16 Tactical Retreats 25 | . 4 1 . 5 1 6 1 2 . . . . . 1 . . 1 3 Traps | -11 -10 -10 -10 -8 -7 -6 -6 -6 -5 -4 -4 -4 -4 -3 -3 -3 -2 -1 ------- Run | Yrd Mat Min Sub Mat Fac Fac Low Low Fac Fac Upp Upp War Pro Res DSF Res Acc Traps Triggered 12 | . 1 . . . 2 5 . . 2 . . . . . . 2 . . Indirectly . | . . . . . . . . . . . . . . . . . . . Trap Hack Attempts 2 | . . . . . . . . . . 2 . . . . . . . . Triggered . | . . . . . . . . . . . . . . . . . . . Disarmed . | . . . . . . . . . . . . . . . . . . . Reprogrammed . | . . . . . . . . . . . . . . . . . . . Reused 1 | . . . . . . . 1 . . . . . . . . . . . Traps Extracted . | . . . . . . . . . . . . . . . . . . . Installed 2 | . . . . . . . 1 . . . . . . . . 1 . . Triggered 9 | . . . 3 . . . 1 . . . . . 5 . . . . . Most Traps Carried 3 | . . . . . . . 3 2 2 2 2 2 2 2 2 2 1 . Machines | -11 -10 -10 -10 -8 -7 -6 -6 -6 -5 -4 -4 -4 -4 -3 -3 -3 -2 -1 ---------- Run | Yrd Mat Min Sub Mat Fac Fac Low Low Fac Fac Upp Upp War Pro Res DSF Res Acc Machines Disabled 46 | . . 1 . 6 2 11 . . 3 6 . . . . . . 6 11 Max in Single Turn 4 | . . 1 . 2 1 4 . . 2 2 . . . . . . 2 3 Garrison Access 4 | . . . . 1 . . . . . 1 . . . . . . 2 . Energy Cycler 1 | . . . . . . . . . . . . . . . . . . 1 Machines Repaired . | . . . . . . . . . . . . . . . . . . . Machines Dismantled 3 | . . . . . . . . . . . . . . . . . . 3 Machines Sabotaged . | . . . . . . . . . . . . . . . . . . . Overloaded Fab Kills . | . . . . . . . . . . . . . . . . . . . Hacking | -11 -10 -10 -10 -8 -7 -6 -6 -6 -5 -4 -4 -4 -4 -3 -3 -3 -2 -1 --------- Run | Yrd Mat Min Sub Mat Fac Fac Low Low Fac Fac Upp Upp War Pro Res DSF Res Acc Machines Accessed 49 | . 7 1 . 6 5 3 1 . 6 6 . 2 7 . 1 . 2 2 Terminals 25 | . 7 1 . 5 2 . . . 3 2 . 1 . . 1 . 1 2 Fabricators 6 | . . . . . 2 1 . . 1 2 . . . . . . . . Repair Stations 1 | . . . . . . 1 . . . . . . . . . . . . Recycling Units . | . . . . . . . . . . . . . . . . . . . Scanalyzers 4 | . . . . 1 . 1 . . 2 . . . . . . . . . Garrison Access 4 | . . . . . 1 . . . . 2 . . . . . . 1 . Total Hacks 114 | . 26 4 . 16 10 11 1 . 15 12 . 2 8 . 2 . 3 4 Successful 59 | . 14 2 . 5 1 7 1 . 12 3 . 2 8 . 1 . 1 2 Failed 54 | . 11 2 . 11 9 4 . . 3 9 . . . . 1 . 2 2 Catastrophic 12 | . 1 1 . . 2 1 . . 2 3 . . . . . . 1 1 Database Lockouts 1 | . 1 . . . . . . . . . . . . . . . . . Manual 27 | . 10 3 . 2 3 . . . 5 2 . . 2 . . . . . Terminals 66 | . 26 4 . 13 3 . . . 7 4 . 1 . . 2 . 2 4 Fabricators 11 | . . . . . 5 1 . . 3 2 . . . . . . . . Repair Stations 5 | . . . . . . 5 . . . . . . . . . . . . Recycling Units . | . . . . . . . . . . . . . . . . . . . Scanalyzers 13 | . . . . 3 . 5 . . 5 . . . . . . . . . Garrison Access 9 | . . . . . 2 . . . . 6 . . . . . . 1 . Terminal Hacks 37 | . 12 2 . 4 . . 1 . 3 1 . 2 8 . 1 . 1 2 Record 11 | . 2 . . . . . . . . . . 1 7 . . . 1 . Part Schematic 1 | . 1 . . . . . . . . . . . . . . . . . Robot Analysis 5 | . 3 1 . 1 . . . . . . . . . . . . . . Prototype ID Bank 4 | . 2 . . 2 . . . . . . . . . . . . . . Open Door 3 | . . . . . . . 1 . . . . 1 1 . . . . . Open DSF 2 | . . . . . . . . . . 1 . . . . 1 . . . Branch Access Points 1 | . . . . . . . . . . . . . . . . . . 1 Emergency Access Points 2 | . 1 . . . . . . . 1 . . . . . . . . . Terminal Index 1 | . . . . . . . . . . . . . . . . . . 1 Alert Level 2 | . 1 . . . . . . . 1 . . . . . . . . . Locate Traps 4 | . 2 . . 1 . . . . 1 . . . . . . . . . Dispatch Records 1 | . . 1 . . . . . . . . . . . . . . . . Fabricator Hacks 5 | . . . . . . 1 . . 3 1 . . . . . . . . Network Status 2 | . . . . . . 1 . . 1 . . . . . . . . . Load Schematic 1 | . . . . . . . . . 1 . . . . . . . . . Build 2 | . . . . . . . . . 1 1 . . . . . . . . Repair Station Hacks 2 | . . . . . . 2 . . . . . . . . . . . . Scan Component 1 | . . . . . . 1 . . . . . . . . . . . . Refit 1 | . . . . . . 1 . . . . . . . . . . . . Recycling Unit Hacks . | . . . . . . . . . . . . . . . . . . . Scanalyzer 9 | . . . . . . 4 . . 5 . . . . . . . . . Insert Component 5 | . . . . . . 2 . . 3 . . . . . . . . . Analyze 4 | . . . . . . 2 . . 2 . . . . . . . . . Garrison Access Hacks 1 | . . . . . . . . . . 1 . . . . . . . . Seal Access 1 | . . . . . . . . . . 1 . . . . . . . . Unauthorized Hacks 5 | . 2 . . 1 1 . . . 1 . . . . . . . . . Terminals 5 | . 2 . . 1 1 . . . 1 . . . . . . . . . Botnet 5 | . 2 . . 1 1 . . . 1 . . . . . . . . . Fabricators . | . . . . . . . . . . . . . . . . . . . Repair Stations . | . . . . . . . . . . . . . . . . . . . Recycling Units . | . . . . . . . . . . . . . . . . . . . Scanalyzers . | . . . . . . . . . . . . . . . . . . . Garrison Access . | . . . . . . . . . . . . . . . . . . . Data Cores Recovered . | . . . . . . . . . . . . . . . . . . . Used . | . . . . . . . . . . . . . . . . . . . Hacking Detections 36 | . 7 1 . 5 4 2 . . 6 6 . . . . 1 . 2 2 Full Trace Events 7 | . 2 . . 1 2 1 . . 1 . . . . . . . . . Feedback Events 1 | . . . . . 1 . . . . . . . . . . . . . Corruption 1 | . . . . . 1 . . . . . . . . . . . . . Feedback Blocked . | . . . . . . . . . . . . . . . . . . . Robot Schematics Acquired . | . . . . . . . . . . . . . . . . . . . Robots Built 1 | . . . . . . . . . . 1 . . . . . . . . Authchips . | . . . . . . . . . . . . . . . . . . . Time 93 | . . . . . . . . . . 93 . . . . . . . . Total Robot Build Rating 7 | . . . . . . . . . . 7 . . . . . . . . Part Schematics Acquired 4 | . 1 . . . . 1 . . 2 . . . . . . . . . Parts Built 1 | . . . . . . . . . 1 . . . . . . . . . Authchips . | . . . . . . . . . . . . . . . . . . . Time 152 | . . . . . . . . . 152 . . . . . . . . . Total Part Build Rating 5 | . . . . . . . . . 5 . . . . . . . . . Parts Repaired . | . . . . . . . . . . . . . . . . . . . Time . | . . . . . . . . . . . . . . . . . . . Parts Recycled . | . . . . . . . . . . . . . . . . . . . Recycled Matter . | . . . . . . . . . . . . . . . . . . . Retrieved Matter . | . . . . . . . . . . . . . . . . . . . Retrieved Components . | . . . . . . . . . . . . . . . . . . . Parts Scanalyzed 4 | . . . . . . 2 . . 2 . . . . . . . . . Part Schematics Acquired 3 | . . . . . . 1 . . 2 . . . . . . . . . Parts Damaged . | . . . . . . . . . . . . . . . . . . . Bothacking | -11 -10 -10 -10 -8 -7 -6 -6 -6 -5 -4 -4 -4 -4 -3 -3 -3 -2 -1 ------------ Run | Yrd Mat Min Sub Mat Fac Fac Low Low Fac Fac Upp Upp War Pro Res DSF Res Acc Used RIF Installer . | . . . . . . . . . . . . . . . . . . . Robots Hacked 19 | . . . . . . 8 . . 3 6 . 1 1 . . . . . Non-combat 17 | . . . . . . 7 . . 3 6 . 1 . . . . . . Combat 2 | . . . . . . 1 . . . . . . 1 . . . . . Robot Hacks Applied 25 | . . . . . . 11 . . 4 8 . 1 1 . . . . . parse_system 6 | . . . . . . 3 . . . 1 . 1 1 . . . . . no_distress 17 | . . . . . . 7 . . 3 7 . . . . . . . . find_chute 1 | . . . . . . . . . 1 . . . . . . . . . find_recycling 1 | . . . . . . 1 . . . . . . . . . . . . Relay Couplers Released 4 | . . . . . . . . . . 3 . . . . . . 1 . Machine Destruction 1 | . . . . . . . . . . . . . . . . . 1 . Programmers 3 | . . . . . . . . . . 3 . . . . . . . . Fabnet Peak Effective % . | . . . . . . . . . . . . . . . . . . . Robots Rewired . | . . . . . . . . . . . . . . . . . . . Allies Hacked . | . . . . . . . . . . . . . . . . . . . Hacks Repelled . | . . . . . . . . . . . . . . . . . . . Allies | -11 -10 -10 -10 -8 -7 -6 -6 -6 -5 -4 -4 -4 -4 -3 -3 -3 -2 -1 -------- Run | Yrd Mat Min Sub Mat Fac Fac Low Low Fac Fac Upp Upp War Pro Res DSF Res Acc Total Allies 3 | . . 2 . . . . . . . 1 . . . . . . . . Largest Group 2 | . . 2 2 . . . . . . 1 . . . . . . . . Highest-Rated Group 93 | . . 41 41 . . . . . . 93 . . . . . . . . Highest-Rated Ally 93 | . . 31 31 . . . . . . 93 . . . . . . . . Total Orders 10 | . . . . . . . . . 2 1 1 1 2 . . . 1 2 EXPLORE 9 | . . . . . . . . . 2 1 1 1 2 . . . 1 1 RETURN 1 | . . . . . . . . . . . . . . . . . . 1 Ally Attacks 19 | . . 17 2 . . . . . . . . . . . . . . . Total Damage 901 | . . 318 21 . . . . . . 562 . . . . . . . . Kills 7 | . . 4 . . . . . . . 3 . . . . . . . . Allies Corrupted . | . . . . . . . . . . . . . . . . . . . Allies Melted 1 | . . . . . . . . . . . . . . . . . 1 . Intel | -11 -10 -10 -10 -8 -7 -6 -6 -6 -5 -4 -4 -4 -4 -3 -3 -3 -2 -1 ------- Run | Yrd Mat Min Sub Mat Fac Fac Low Low Fac Fac Upp Upp War Pro Res DSF Res Acc Robot Analysis Total 5 | . 3 1 . 1 . . . . . . . . . . . . . . Derelict Logs Recovered 7 | . . 3 1 . . . 1 . . . 2 . . . . . . . Drone Launches 26 | . . . . . . . . . 13 2 2 1 . . . . 6 2 Drone Recoveries 11 | . . . . . . . . . 4 2 1 . . . . . 2 2 Exploration | -11 -10 -10 -10 -8 -7 -6 -6 -6 -5 -4 -4 -4 -4 -3 -3 -3 -2 -1 ------------- Run | Yrd Mat Min Sub Mat Fac Fac Low Low Fac Fac Upp Upp War Pro Res DSF Res Acc Turns Passed 24911 | 80 1774 2332 631 2111 644 1945 976 131 2142 2063 1352 2182 1356 1500 196 453 1672 1371 Spaces Moved 10821 | 37 750 778 284 872 412 941 551 56 946 758 652 964 654 610 75 123 774 584 Core 55 | 6 . . . . . . . . . . . . . . . 8 . 41 Treads 4102 | 31 750 394 102 474 3 131 352 56 187 122 . . . 355 75 51 491 528 Legs 3026 | . . . . 44 . . . . . 110 652 964 654 255 . 64 283 . Wheels 3624 | . . 384 182 354 409 810 199 . 759 526 . . . . . . . 1 Hover 14 | . . . . . . . . . . . . . . . . . . 14 Flight . | . . . . . . . . . . . . . . . . . . . Fastest Speed 50 | 50 160 145 115 110 98 98 145 158 145 145 190 190 190 190 250 120 180 50 Average Speed 178 | 152 195 193 181 163 113 147 154 158 166 178 190 190 190 229 250 238 184 167 Slowest Speed 750 | 160 240 240 260 460 320 320 243 158 238 245 190 190 190 260 250 750 360 180 Overloaded Moves . | . . . . . . . . . . . . . . . . . . . Propulsion Burnouts . | . . . . . . . . . . . . . . . . . . . Robots Hopped . | . . . . . . . . . . . . . . . . . . . Cave-ins Triggered . | . . . . . . . . . . . . . . . . . . . Exploration Rate (%) 52 | 5 94 104 23 67 13 27 65 9 20 29 96 98 95 84 3 81 53 22 Regions Visited 18 Branch Regions 8 Pre-discovered Areas 3 | . . 1 1 . . . . . . . 1 . . . . . . . Known Exits Taken 5 | . . . . 1 . . . . . . . 1 1 1 1 . . . Unknown Exits Taken 12 | 1 1 1 1 . 1 1 1 1 1 1 1 . . . . . 1 . Scrap Searched 15 | . . 3 . . . . 3 . . . 2 3 . 4 . . . . Spaces Dug 87 | . . . 27 7 5 8 . . 13 17 . . . 1 . . 5 4 Terrain Destroyed 878 | . . 19 104 100 7 73 6 3 17 61 84 3 126 17 . 85 108 65 Melee 50 | . . . . 7 5 8 . . 13 17 . . . . . . . . Projectile 215 | . . . . 29 2 15 6 3 4 15 4 3 13 17 . 14 38 52 AOE 613 | . . 19 104 64 . 50 . . . 29 80 . 113 . . 71 70 13 Terrain Rammed . | . . . . . . . . . . . . . . . . . . . Walls Destroyed . | . . . . . . . . . . . . . . . . . . . Machines Disabled . | . . . . . . . . . . . . . . . . . . . Actions | -11 -10 -10 -10 -8 -7 -6 -6 -6 -5 -4 -4 -4 -4 -3 -3 -3 -2 -1 --------- Run | Yrd Mat Min Sub Mat Fac Fac Low Low Fac Fac Upp Upp War Pro Res DSF Res Acc Total 14822 | 49 923 1565 361 1267 533 1340 635 79 1312 1178 750 1313 738 679 85 237 944 834 Wait 2118 | . 65 754 20 74 38 161 37 12 174 194 72 322 26 27 . 9 55 78 Move 10804 | 36 749 777 283 871 411 940 550 55 945 757 651 963 653 609 75 122 773 584 Hop . | . . . . . . . . . . . . . . . . . . . Pick Up 222 | 2 17 7 9 43 17 34 6 . 21 16 3 4 8 5 3 10 11 6 Fast Attach 143 | 7 3 . . 22 8 25 6 . 13 15 2 6 4 1 1 17 10 3 Attach 164 | . 3 1 6 24 6 22 3 1 12 21 3 2 8 9 2 13 7 21 Detach 47 | . . . . 2 . 2 1 . 3 6 2 . 2 4 2 12 3 8 Swap 127 | . 7 2 6 26 8 15 4 2 6 13 . 5 6 2 . 4 12 9 Drop 213 | . 8 1 9 31 14 33 10 . 18 10 5 9 10 5 2 15 29 4 Fire 765 | 4 30 23 28 144 24 86 17 9 74 110 11 1 16 17 . 30 41 100 Melee 178 | . 41 . . 30 6 22 . . 41 34 1 1 2 . . . . . Ram 1 | . . . . . . . . . . . . . . . . . . 1 Kick . | . . . . . . . . . . . . . . . . . . . Crush . | . . . . . . . . . . . . . . . . . . . Escape Stasis 4 | . . . . . . . . . . . . . . . . 4 . . Rewire 6 | . . . . . . . . . 2 . . . 3 . . . 1 . Trap 4 | . . . . . . . 1 . . 2 . . . . . 1 . . Miscellaneous 26 | . . . . . 1 . . . 3 . . . . . . . 2 20 Route ------- -11/Scrapyard -10/Materials (discovered 5 exits: *Mat x3 / *Min x2) -10/Mines (discovered 3 exits: *Mat x2 / [*Sub]) -10/Subcaves -8/Materials (discovered 2 exits: *Fac x2) -7/Factory -6/Factory -6/Lower Caves -6/Lower Caves -5/Factory -4/Factory (discovered 3 exits: *Res x2 / [*Upp]) -4/Upper Caves -4/Upper Caves (discovered 2 exits: *Res / *War) -4/Warlord -3/Proximity Caves -3/Research -3/DSF -2/Research (discovered 3 exits: *Acc x3) -1/Access (discovered 1 exit: Com) History --------- Turn | Location | Event 21 | -11/Scrapyard | Discovered new exit (range 16) 81 | -11/Scrapyard | Entered Materials 283 | -10/Materials | Discovered new exit (range 4) 309 | -10/Materials | Build established: Mutant 562 | -10/Materials | Discovered new exit (range 12) 857 | -10/Materials | Discovered new exit (range 5) 889 | -10/Materials | Discovered new exit (range 16) 1312 | -10/Materials | Central database locked down 1329 | -10/Materials | Discovered new exit (range 13) 1855 | -10/Materials | Entered Mines 1979 | -10/Mines | Learned 2 Materials zone layouts 2332 | -10/Mines | Met a Derelict testing a Signal Generator 2350 | -10/Mines | Found Signal Generator 2392 | -10/Mines | Received a Rocket Launcher from a helpful Derelict 2844 | -10/Mines | Identified exit to Materials 2871 | -10/Mines | Joined a pair of Derelicts in attacking an 0b10 outpost 3339 | -10/Mines | Discovered exit to Materials (range 8) 4149 | -10/Mines | Core integrity fell below 50% 4168 | -10/Mines | Discovered new exit (range 7) 4187 | -10/Mines | Entered Subcaves 4187 | -10/Subcaves | Accompanied by 2 allies 4192 | -10/Subcaves | Led the pair of lost Derelicts to an unsafe place 4393 | -10/Subcaves | Ambushed by Subdweller buried in earth 4397 | -10/Subcaves | Ambushed by Subdweller buried in earth 4402 | -10/Subcaves | Ambushed by Subdweller buried in earth 4404 | -10/Subcaves | Core integrity fell below 20% 4629 | -10/Subcaves | Discovered new exit (range 8) 4637 | -10/Subcaves | Shifting Twisted Machinery released Riot Gun 4643 | -10/Subcaves | Shifting Twisted Machinery released Multitool 4688 | -10/Subcaves | Learned location of Mines (-9) 4818 | -10/Subcaves | Entered Materials 4818 | -8/Materials | Evolved 4 slots: Propulsion x1, Utility x2, Weapon x1 5351 | -8/Materials | Lost 5 parts (1p3u1w) 5382 | -8/Materials | System corruption reached 10% 5666 | -8/Materials | Build established: Scavenger-Mutant 5888 | -8/Materials | Discovered new exit (range 10) 5923 | -8/Materials | Identified exit to Factory 6000 | -8/Materials | Build established: Scavenger-Tank 6350 | -8/Materials | Core integrity fell below 50% 6418 | -8/Materials | First assault squad dispatched 6418 | -8/Materials | Lost 8 parts (2n2u4w) 6636 | -8/Materials | Core integrity fell below 20% 6643 | -8/Materials | Lost 6 parts (1p3n1u1w) 6689 | -8/Materials | Discovered exit to Factory (range 16) 6695 | -8/Materials | Build established: Scavenger-Mutant 6929 | -8/Materials | Entered Factory 6929 | -7/Factory | Evolved 2 slots: Propulsion x1, Weapon x1 6943 | -7/Factory | Lost 3 parts (2n1u) 7112 | -7/Factory | Discovered new exit (range 15) 7171 | -7/Factory | Lost 3 parts (2n1u) 7573 | -7/Factory | Entered another Factory area 7573 | -6/Factory | Evolved 2 slots: Utility x1, Weapon x1 7854 | -6/Factory | Lost 5 parts (1p2n1u1w) 7977 | -6/Factory | Discovered new exit (range 8) 8322 | -6/Factory | Build established: Scavenger-Gunner 8356 | -6/Factory | Lost 7 parts (1p2n1u3w) 8367 | -6/Factory | Core integrity fell below 50% 8624 | -6/Factory | Build established: Gunner 9179 | -6/Factory | Build established: Scavenger-Gunner 9323 | -6/Factory | First assault squad dispatched 9426 | -6/Factory | Core integrity fell below 20% 9518 | -6/Factory | Entered Lower Caves 9518 | -6/Lower Caves | Spotted B-75 Beast 9529 | -6/Lower Caves | Build established: Gunner 9629 | -6/Lower Caves | Attracted the attention of an 0b10 checkpoint 10132 | -6/Lower Caves | Found DCF Scrap (14 items) 10282 | -6/Lower Caves | Learned Factory interactive machine intel 10426 | -6/Lower Caves | Discovered new exit (range 10) 10494 | -6/Lower Caves | Entered another Lower Caves area 10618 | -6/Lower Caves | Discovered new exit (range 3) 10625 | -6/Lower Caves | Entered Factory 10625 | -5/Factory | Evolved 2 slots: Power x1, Utility x1 10626 | -5/Factory | Loaded intel: 50 interactive machine locations 10939 | -5/Factory | Lost 3 parts (1n1u1w) 11226 | -5/Factory | Build established: Scavenger-Gunner 11254 | -5/Factory | Fabricated Cold Fusion Reactor? 11458 | -5/Factory | Discovered new exit (range 6) 11564 | -5/Factory | System corruption reached 10% 12646 | -5/Factory | Build established: Gunner 12767 | -5/Factory | Entered another Factory area 12767 | -4/Factory | Evolved 2 slots: Utility x2 12958 | -4/Factory | Fabricated A-27 Freighter (x1) 13071 | -4/Factory | Build established: Scavenger-Gunner 13177 | -4/Factory | Lost 3 parts (1n2u) 13510 | -4/Factory | Lost 4 parts (1n1u2w) 13670 | -4/Factory | Lost 3 parts (1p1n1w) 13906 | -4/Factory | Discovered new exit (range 12) 14086 | -4/Factory | Discovered new exit (range 57) 14097 | -4/Factory | Discovered new exit (range 62) 14529 | -4/Factory | Lost 3 parts (1p2w) 14830 | -4/Factory | Entered Upper Caves 15119 | -4/Upper Caves | Learned location of Quarantine (-2) 15227 | -4/Upper Caves | Discovered new exit (range 75) 15357 | -4/Upper Caves | Encountered a Warlord checkpoint 15549 | -4/Upper Caves | Learned location of 1 exit from Upper Caves 16182 | -4/Upper Caves | Entered another Upper Caves area 16183 | -4/Upper Caves | Identified exit to Research 16214 | -4/Upper Caves | Encountered a Warlord checkpoint 17044 | -4/Upper Caves | Discovered new exit (range 27) 18362 | -4/Upper Caves | Identified exit to Warlord 18364 | -4/Upper Caves | Entered Warlord 18364 | -4/Warlord | Accompanied by 1 ally 18423 | -4/Warlord | Discovered new exit (range 9) 18441 | -4/Warlord | Identified exit to Proximity Caves 18619 | -4/Warlord | System corruption cleaned by Quarantine Array 19128 | -4/Warlord | Visited the Vortex Lab 19138 | -4/Warlord | Warlord's base attacked by MAIN.C 19148 | -4/Warlord | Found Prototype Launcher 19148 | -4/Warlord | Identified Vortex Catalyst Activator 19152 | -4/Warlord | Found Prototype Energy Gun 19152 | -4/Warlord | Identified Vortex Rifle 19158 | -4/Warlord | Found Prototype Energy Cannon 19158 | -4/Warlord | Identified Vortex Cannon 19193 | -4/Warlord | Found Vortex Cannon 19287 | -4/Warlord | Met Warlord 19488 | -4/Warlord | Warlord forces counterattacked 19539 | -4/Warlord | Spotted Executioner 19561 | -4/Warlord | P-70 Sage assimilated allied 7B-BYW(g) 19599 | -4/Warlord | Spotted Striker 19639 | -4/Warlord | Spotted Executioner 19639 | -4/Warlord | Spotted Executioner 19639 | -4/Warlord | Spotted Striker 19651 | -4/Warlord | Destroyed Striker 19672 | -4/Warlord | Destroyed 9 combat bots 19677 | -4/Warlord | Lost 3 parts (2u1w) 19680 | -4/Warlord | Lost 17 allies 19720 | -4/Warlord | Entered Proximity Caves 20381 | -3/Proximity Caves | Core integrity fell below 50% 20526 | -3/Proximity Caves | Spotted B-86 Titan 20534 | -3/Proximity Caves | Destroyed B-86 Titan 20564 | -3/Proximity Caves | Lost 3 parts (1n2w) 21128 | -3/Proximity Caves | Discovered exit to Research (range 3) 21197 | -3/Proximity Caves | Attracted the attention of an 0b10 checkpoint 21220 | -3/Proximity Caves | Entered Research 21220 | -3/Research | Evolved 2 slots: Propulsion x2 21416 | -3/Research | Identified exit to DSF 21416 | -3/Research | Entered DSF 21435 | -3/DSF | Additional patrols routed to DSF 21671 | -3/DSF | Sterilization system engaged 21691 | -3/DSF | Ambient heat levels rising (+10) 21699 | -3/DSF | Destroyed 8 combat bots 21701 | -3/DSF | Lost 8 parts (2p3n2u1w) 21706 | -3/DSF | Ambient heat levels rising (+10) 21721 | -3/DSF | Ambient heat levels rising (+10) 21736 | -3/DSF | Ambient heat levels rising (+10) 21751 | -3/DSF | Ambient heat levels rising (+10) 21766 | -3/DSF | Ambient heat levels rising (+10) 21781 | -3/DSF | Ambient heat levels rising (+10) 21796 | -3/DSF | Ambient heat levels rising (+10) 21811 | -3/DSF | Ambient heat levels rising (+10) 21826 | -3/DSF | Ambient heat levels rising (+10) 21831 | -3/DSF | Discovered new exit (range 16) 21841 | -3/DSF | Ambient heat levels rising (+10) 21856 | -3/DSF | Ambient heat levels rising (+10) 21869 | -3/DSF | Entered Research 21869 | -2/Research | Warlord forces began assault on 0b10 21869 | -2/Research | Evolved 2 slots: Power x1, Utility x1 21894 | -2/Research | Distinguished unit "Cat Herders" dispatched to help 21979 | -2/Research | Research machine network offline 21980 | -2/Research | Found Unknown Device 21980 | -2/Research | Identified Quantum Capacitor 22107 | -2/Research | Lost 7 allies 22188 | -2/Research | Lost 3 allies 22209 | -2/Research | Discovered new exit (range 111) 22233 | -2/Research | Met up with Warlord 22243 | -2/Research | Discovered new exit (range 60) 22401 | -2/Research | Found Powered Armor 22403 | -2/Research | Found Powered Armor 22407 | -2/Research | Found Powered Armor 22445 | -2/Research | Spotted Striker 22458 | -2/Research | Borebot progress halted 22500 | -2/Research | Lost 4 allies 22565 | -2/Research | Borebot progress halted 22809 | -2/Research | Spotted Striker 22812 | -2/Research | Spotted Striker 22812 | -2/Research | Destroyed Striker 22884 | -2/Research | Lost 7 allies 23035 | -2/Research | Destroyed Executioner 23041 | -2/Research | Spotted Executioner 23048 | -2/Research | Destroyed Executioner 23233 | -2/Research | Discovered new exit (range 13) 23323 | -2/Research | Spotted Executioner 23340 | -2/Research | Destroyed Executioner 23541 | -2/Research | Entered Access 23541 | -1/Access | Evolved 2 slots: Propulsion x2 23574 | -1/Access | Energy Cycler disabled 23885 | -1/Access | Build established: Infiltrator-Tank 24054 | -1/Access | Identified exit to Command 24530 | -1/Access | Destroyed 8 combat bots 24579 | -1/Access | First assault squad dispatched 24748 | -1/Access | Destroyed 9 combat bots 24757 | -1/Access | Lost 5 parts (1p2n2w) 24772 | -1/Access | Spotted B-99 Colossus 24773 | -1/Access | Destroyed B-99 Colossus 24875 | -1/Access | Core integrity fell below 50% 24899 | -1/Access | Lost 18 parts (2p5n6u5w) 24904 | -1/Access | Core integrity fell below 20% 24909 | -1/Access | Spotted B-99 Colossus 24909 | -1/Access | Spotted B-99 Colossus 24912 | -1/Access | Destroyed by H-88 Terminator with Heavy Machine Gun Last Messages --------------- 24910_ Penetrated by Slug. 24910_ Slug penetrates Wall. 24910_ Slug penetrates H-88 Terminator. 24910_ Penetrated by Slug. 24910_ Slug penetrates Wall. 24910_ H-88 Terminator knocked back. 24910_ Penetrated by Slug. 24910_ Slug penetrates Wall. 24910_ Penetrated by Slug. 24910_ Slug penetrates B-99 Colossus. 24911_ Penetrated by Slug. 24911_ Slug penetrates Sealed Heavy Doors. 24911_ Structural Scanner destroyed. 24911_ Slug penetrates Wall. 24912_ Penetrated by Slug. 24912_ Slug penetrates Wall. 24912_ Penetrated by Slug. 24912_ Cmb. Linear Gravjet destroyed. [Achievement: 30k Club] [Achievement: Achiever] Map ----- +----------------------------------------------------+ | ?????????????????????????????????????????????????? | | ?????????????????????????????????????????????????? | | ?????????????????????????????????????????????????? | | ?????????????????????????????????????????????????? | | ?????????????????????????????????????????????????? | | ??????????????????????????????????#######????????? | | ??????????????????????????????????#######????????? | | ??????????????????????????????????## ????????? | | ???????????????????????############# ?????????? | | ???????????????????????############# ????????? | | ??????????????????????? ##????????? | | ??????????????????????? ########### | | ??????????????????????? ########### | | ???????????????????????? """"" # ! | | ??????????????????????? ""Y"" # | | ????????????????## ###?## # | | ????????????????##+###?## # = | | ???????????????? ? # / | | ?????????????????? ? # """""" # """ """ | | ??????????????????"""" # """""" # """T"""? | | ??????????????????"""" # """""" ##+#######? | | ?????????????????""""" *# """""" # #######? | | ?????????????????""""" # """""" # ##?????? | | ?????????????????""""" + h # ##?????? | | ?????????????????""""" # # ##?????? | | ???????????????? #@ h # ##?????? | | ???????????? # ! # pp############# ##?????? | | ???????????? # = = # ############# ##?????? | | ???????????? ############ ########???## ##?????? | | ???????????? ############"" ;#########?## ######## | | ???????????????## % ##?## ######## | | ???????????????## % h ##?## | | ???????????????## ##?## | | ???????????????## #####"""#;### ##?######## | | ???????????????##########"?"##########?######## | | ???????????????####?????????####?#####???????## | | ?????????????????????????????????????????????## | | ????????????????????????>???????????????????? | | ??????????????????????????????????????????## | | ??????????????????????????????????????????## | | ??????????????????????????????????????????## | | ?????????????????????????????????????????? | | ?????????????????????????????????????????? | | ?????????????????????????????????????????? | | ?????????????????????????????????????????? | | ????????????????????????????????????????? | | ????????????????????????????????????????? ##+#+### | | ????????????????????????????????????????? # | | ?????????????????????????????????????????????????? | | ?????????????????????????????????????????????????? | +----------------------------------------------------+ Best States ------------- Heat Dissipation 121 Coolant Potential 100 Energy Generation 63 Energy Capacity 840 Matter Stores 300 Matter Capacity 300 Sight Range 16 Terrain Scan Density 10 Jamming Range 16 Base Temperature (-) 200 Armor Coverage 1600 Resistance: KI 30 Resistance: EM 15 Weapon Cycling 25 Evasion (%) 55 Targeting Accuracy 15 Armor Integrity Analysis 40 Recoil Reduction 8 Offensive Hacking 20 Defensive Hacking 10 Item Schematics ----------------- Lgt. Treads | -10/Materials | Hacked Cold Fusion Reactor | -6/Factory | Scanalyzed Targeting Computer | -5/Factory | Scanalyzed Gatling Laser | -5/Factory | Scanalyzed Robot Schematics ------------------ None Fabricated ------------ Cold Fusion Reactor | x1 | -5/Factory A-27 Freighter | x1 | -4/Factory | Preloaded Alien Tech Used ----------------- None Achievements -------------- 30k Club Achiever All-out Warlord Can't Touch This Dangerous Findings Denied? Just What I Needed Leap Before You Look Preemptive Strike Release The Drones! Rockin' Loadout Safety First Turtlemind Challenges ------------ None Game ------ Seed SurveybotArcMace Manual? 0 Play Time 05:12:20 Cumulative 17.9 hours Start 2024.08.16 @ 16:23:20 End 2024.08.17 @ 03:06:44 Sessions 3 Manual Loads 0 Difficulty Rogue Special Mode None Game No. 13 Rogue 13 Adventurer 0 Explorer 0 Win Type - Total 0 Types 0/0/0/0/0/0/0/0/0 Lore% 14 Gallery% 24 Achievement% 29 Wizard Run 0 Options --------- Layout 1 ASCII 0 Keyboard 0 Movement Mouse Keybinds 0 Fullscreen 1 Font 24/Smallcaps Map View 50x35 Zoom Use 0% Tactical HUD 1 Map Filters NONE Filters NONE Steam 0 RUN: a4a5cece-b87c-4cf5-8cc8-d17faa1b2933